 Dungeon Crawl Stone Soup version 0.13-a0-1660-ga2b9f94 (webtiles) character file.

6352 bd0 the Severer (level 10, -21/124 HPs)
             Began as a Lava Orc Berserker on June 18, 2013.
             Was a High Priest of Trog.
             Demolished by l0ser140's ghost (24 damage)
             ... on Level 10 of the Dungeon.
             The game lasted 00:34:43 (8872 turns).

bd0 the Severer (Lava Orc Berserker)                Turns: 8872, Time: 00:34:43

HP -21/124       AC 12     Str 26      XL: 10   Next: 49%
MP   9/9         EV  8     Int 11      God: Trog [*****.]
Gold 580         SH  0     Dex 13      Spells:  0 memorised,  9 levels left

Res.Fire  : + + +   See Invis. : .   L - +1,+7 orc war axe
Res.Cold  : x . .   Warding    : .   e - +0 elf chain mail
Life Prot.: + . .   Conserve   : .   (no shield)
Res.Poison: .       Res.Corr.  : .   (no helmet)
Res.Elec. : .       Clarity    : .   V - +0 cloak
Sust.Abil.: . .     Spirit.Shd : .   (no gloves)
Res.Mut.  : .       Stasis     : .   G - +0 pair of boots (curse)
Res.Rott. : .       Flight     : .   (no amulet)
Saprovore : + . .                    n - +4 ring of intelligence
                                     l - ring of life protection

@: berserking (expiring), very quick, somewhat resistant to hostile
enchantments, extremely unstealthy
A: conserve scrolls, saprovore 1
a: Burn Spellbooks, Berserk, Trog's Hand, Brothers in Arms, Renounce Religion


You were on level 10 of the Dungeon.
You worshipped Trog.
Trog was exalted by your worship.
You were hungry.

You visited 1 branch of the dungeon, and saw 10 of its levels.

You collected 560 gold pieces.

Inventory:

Hand weapons
 F - a +1,+0 war axe of draining
 L - a +1,+7 orcish war axe (weapon)
 O - a +3,+1 battleaxe
Armour
 e - a +0 elven chain mail (worn)
 G - a cursed +0 pair of boots (worn)
 V - a +0 cloak (worn)
Magical devices
 a - a wand of enslavement (9) {unknown}
 A - a wand of magic darts (11) {unknown}
 E - a wand of random effects (10) {unknown}
 H - a wand of magic darts (8) {unknown}
 I - a wand of lightning (7) {unknown}
 K - a wand of enslavement (13) {unknown}
 P - a wand of frost (15) {unknown}
 Q - a wand of cold (12) {unknown}
Comestibles
 c - 5 meat rations
 B - 7 bread rations
 D - 2 apples
 M - a beef jerky
 T - a sausage
 W - a cheese
 Z - a chunk of adder flesh
Scrolls
 d - a scroll of magic mapping {unknown}
 f - 5 scrolls of teleportation
 h - 7 scrolls of identify
 i - a scroll of blinking
 j - 4 scrolls of enchant armour {unknown}
 o - 2 scrolls of enchant weapon II {unknown}
 p - 4 scrolls of fog
 t - 7 scrolls of remove curse
 u - a scroll of curse armour {unknown}
 v - a scroll of recharging {unknown}
 w - 2 scrolls of enchant weapon I {unknown}
 y - 2 scrolls of noise {unknown}
 X - a scroll of immolation {unknown}
Jewellery
 l - a ring of life protection (left hand)
 n - a +4 ring of intelligence (right hand)
 r - an uncursed ring of fire
 S - an uncursed ring of ice
 U - an uncursed ring of poison resistance
Potions
 b - 2 potions of slowing {unknown}
 g - a potion of mutation {unknown}
 k - a potion of speed {unknown}
 m - a potion of porridge {unknown}
 q - 7 potions of curing {unknown}
 s - 3 potions of heal wounds {unknown}
 x - a potion of flight {unknown}
 z - 3 potions of poison {unknown}
 C - 3 potions of restore abilities {unknown}
 J - 2 potions of confusion {unknown}
 N - a potion of resistance {unknown}
 R - a potion of magic {unknown}


   Skills:
 + Level 6.6 Fighting
 - Level 18.1 Axes
 + Level 4.8 Armour
 - Level 1.5 Dodging


You had 9 spell levels left.
You didn't know any spells.

Dungeon Overview and Level Annotations

Branches:
Dungeon (10/27)            Temple (0/1) D:4             Orc (0/4) D:9
   Lair: D:8-13

Altars:
Ashenzari
Cheibriados
Elyvilon
Fedhas
Kikubaaqudgha
Okawaru
Trog
Vehumet

Shops:
D:9: =

Annotations
D:4 exclusion: statue
D:10 l0ser140's ghost, powerful LOBe


Innate Abilities, Weirdness & Mutations

You have stony skin.
You cover ground quickly.
Your flesh is almost immune to the effects of heat.
Your fire spells are more powerful.
Your flesh is vulnerable to cold.
Your heat harms attackers.
You bathe your surroundings in blazing heat.
You are too hot to use scrolls.
You are very good at protecting items from fire.
You can tolerate rotten meat.


Message History

L0ser140's ghost is heavily damaged.
You hit l0ser140's ghost but do no damage.
L0ser140's ghost is heavily damaged.
L0ser140's ghost hits you!
* * * LOW HITPOINT WARNING * * *
L0ser140's ghost completely resists.
You hit l0ser140's ghost but do no damage.
L0ser140's ghost is heavily damaged.
You slash l0ser140's ghost!
L0ser140's ghost is heavily damaged.
L0ser140's ghost hits you!
* * * LOW HITPOINT WARNING * * *
L0ser140's ghost completely resists.
You are too berserk!
You slice l0ser140's ghost!!
L0ser140's ghost is almost destroyed.
You barely miss l0ser140's ghost.
L0ser140's ghost is almost destroyed.
L0ser140's ghost hits you!
You die...

#.........# #''# #.###+####
#.........# #..####.##......
#.........####.......##......
#.........'..............#
#.........####..####.##..##
#......#+## #..# #.##...#
#.≈≈≈≈.'..####..####<###..#
#.≈≈≈≈.#...)p........###''##
#.≈≈≈≈.#...)@........#....^#
#.≈≈≈≈.##.####..####.#.....#
#......##.# #..# #.#.....#
#.....###p####..# #.+.....##
#.....##........# #.#.)))...
#.....'...#####.# #.###'##..
#.....'.o.# #.# #.###.##..
#.....##..# . #.##...'..
####'###..# #......'..


You could see l0ser140's ghost.

Vanquished Creatures
  An unseen horror (D:10)
  3 hill giants
  Pikel (D:6)
  Maurice (D:9)
  Prince Ribbit (D:9)
  A troll (D:5)
  5 yaks (D:10)
  A wraith (D:10)
  Grum (D:9)
  2 deep elf conjurers (D:9)
  The ghost of Broomstick the Covered, an average DjFi of Nemelex Xobeh (D:3)
  3 war dogs (D:9)
  Edmund (D:9)
  2 sky beasts
  An orc warrior (D:7)
  4 ogres
  A yak zombie (D:7)
  4 phantoms
  2 ice beasts
  2 slaves (D:6)
  6 giant frogs
  4 centaurs
  Blork the orc (D:4)
  2 centaur skeletons
  6 wights
  6 crimson imps
  5 hounds
  3 iguanas
  A worker ant zombie (D:6)
  5 orc priests
  10 worker ants
  2 scorpions (D:6)
  9 orc wizards
  Jessica (D:2)
  2 jellies
  2 mummies
  14 adders
  A scorpion zombie (D:6)
  An adder zombie (D:9)
  A giant mite (D:9)
  5 worms
  A bat skeleton (D:4)
  A giant eyeball (D:5)
  48 orcs
  7 giant cockroaches
  8 goblins
  13 hobgoblins
  6 jackals
  5 quokkas
  4 training dummies (D:9)
  2 ball pythons
  13 bats
  7 giant geckos
  4 giant newts
  A giant newt zombie (D:5)
  15 kobolds
  A kobold skeleton (D:5)
  A kobold zombie (D:7)
  An orc skeleton (D:4)
  15 rats
  A rat zombie (D:5)
  4 plants (D:10)
283 creatures vanquished.

Vanquished Creatures (others)
  A kobold (D:6)
  A rat (D:1)
2 creatures vanquished.

Grand Total: 285 creatures vanquished

Notes
Turn   | Place    | Note
--------------------------------------------------------------
     0 | D:1      | bd0, the Lava Orc Berserker, began the quest for the Orb.
     0 | D:1      | Reached XP level 1. HP: 19/19 MP: 0/0
   149 | D:1      | Reached skill level 4 in Axes
   210 | D:1      | Reached XP level 2. HP: 16/26 MP: 1/1
   481 | D:1      | Acquired Trog's second power
   584 | D:1      | Reached skill level 5 in Axes
   878 | D:2      | Reached XP level 3. HP: 33/33 MP: 2/2
   952 | D:2      | Noticed Jessica
   971 | D:2      | Killed Jessica
  1141 | D:2      | Reached XP level 4. HP: 26/39 MP: 3/3
  1340 | D:2      | Reached skill level 6 in Axes
  1836 | D:3      | Reached XP level 5. HP: 31/46 MP: 4/4
  1846 | D:3      | Reached skill level 7 in Axes
  1917 | D:3      | Noticed Broomstick's ghost (average DjFi)
  1963 | D:3      | Killed Broomstick's ghost
  1963 | D:3      | Reached skill level 8 in Axes
  1963 | D:3      | Reached XP level 6. HP: 52/52 MP: 5/5
  2425 | D:4      | Noticed Blork the orc
  2437 | D:4      | Killed Blork the orc
  2563 | D:4      | Reached skill level 9 in Axes
  2607 | D:4      | Acquired Trog's third power
  2633 | D:4      | Found a radiant altar of Vehumet.
  2667 | D:4      | Reached XP level 7. HP: 58/59 MP: 6/6
  2958 | D:4      | Found a staircase to the Ecumenical Temple.
  3100 | D:5      | Entered Level 5 of the Dungeon
  3116 | D:5      | Reached skill level 10 in Axes
  3697 | D:5      | Noticed a troll
  3698 | D:5      | Found a snail-covered altar of Cheibriados.
  3703 | D:5      | Killed a troll
  3703 | D:5      | Reached skill level 11 in Axes
  4032 | D:5      | Paralysed by a giant eyeball for 2 turns
  4046 | D:6      | Reached XP level 8. HP: 66/66 MP: 7/7
  4410 | D:6      | Found an ancient bone altar of Kikubaaqudgha.
  4450 | D:6      | Found a bloodstained altar of Trog.
  4495 | D:6      | Reached skill level 12 in Axes
  4617 | D:6      | Noticed Pikel
  4833 | D:6      | Killed Pikel
  4833 | D:6      | Reached skill level 13 in Axes
  4833 | D:6      | Reached XP level 9. HP: 72/72 MP: 8/8
  5761 | D:7      | Reached skill level 14 in Axes
  6411 | D:7      | Reached skill level 15 in Axes
  6759 | D:8      | Found a blossoming altar of Fedhas.
  7119 | D:9      | Found Dimacao's Jewellery Shop.
  7202 | D:9      | Noticed a hill giant
  7223 | D:9      | Killed a hill giant
  7223 | D:9      | Reached XP level 10. HP: 79/79 MP: 9/9
  7253 | D:9      | Noticed Grum
  7259 | D:9      | Killed Grum
  7259 | D:9      | Reached skill level 16 in Axes
  7326 | D:9      | Found a shattered altar of Ashenzari.
  7399 | D:9      | Noticed Prince Ribbit
  7433 | D:9      | Killed Prince Ribbit
  7546 | D:9      | Found a staircase to the Orcish Mines.
  7605 | D:9      | Found a white marble altar of Elyvilon.
  7630 | D:9      | Found an iron altar of Okawaru.
  7686 | D:9      | Noticed Maurice
  7695 | D:9      | Reached XP level 9. HP: 71/72 MP: 8/8
  7710 | D:9      | Killed Maurice
  7743 | D:9      | Noticed Edmund
  7756 | D:9      | Killed Edmund
  7756 | D:9      | Reached skill level 17 in Axes
  8001 | D:10     | Entered Level 10 of the Dungeon
  8074 | D:10     | Noticed a hill giant
  8080 | D:10     | Killed a hill giant
  8080 | D:10     | Received a gift from Trog
  8126 | D:10     | Noticed a hill giant
  8134 | D:10     | Killed a hill giant
  8134 | D:10     | Reached skill level 18 in Axes
  8346 | D:10     | Reached XP level 10. HP: 71/79 MP: 9/9
  8366 | D:10     | Reached skill level 5 in Fighting
  8585 | D:10     | Killed an unseen horror
  8832 | D:10     | Noticed l0ser140's ghost (powerful LOBe)
  8870 | D:10     | HP: 3/124 [l0ser140's ghost (4)]
  8872 | D:10     | Demolished by l0ser140's ghost

Action                   |  1- 3 |  4- 6 |  7- 9 | 10-12 || total
-------------------------+-------+-------+-------+-------++-------
Melee: Hand axe          |   134 |   239 |    83 |       ||   456
       War axe           |       |       |   382 |   148 ||   530
Invok: Trog's Hand       |     1 |     1 |       |       ||     2
       Berserk           |       |     3 |     6 |     1 ||    10
       Burn Spellbooks   |       |       |     1 |       ||     1
  Use: Scroll            |     1 |       |     3 |     2 ||     6
